 Dungeon Crawl Stone Soup version 0.29-a0-919-gd064cfad1c (webtiles) character file.

Game seed: 14611680096773177110

210 frimble the Conjurer (level 5, 0/35 HPs)
             Began as a Demonspawn Hedge Wizard on July 27, 2022.
             Succumbed to a killer bee's poison
             ... on level 5 of the Dungeon.
             The game lasted 00:06:10 (3459 turns).

frimble the Conjurer (Demonspawn Hedge Wizard)      Turns: 3459, Time: 00:06:11

Health: 0/35       AC:  6    Str: 11    XL:     5   Next: 57%
Magic:  9/9        EV: 12    Int: 17    God:
Gold:   198        SH:  0    Dex: 12    Spells: 7/10 levels left

rFire   + . .      SeeInvis .   a - +0 dagger
rCold   + . .      Faith    .   (no shield)
rNeg    . . .      Spirit   .   b - +0 robe
rPois   .          Reflect  .   c - +0 hat
rElec   .          Harm     .   k - scarf {rC+ rF+}
rCorr   .          Rampage  .   (no gloves)
Will    .....      Rnd*Tele +   h - +0 pair of boots
Stlth   ++........              (no amulet)
HPRegen 0.11/turn               (no ring)
MPRegen 0.11/turn               (no ring)

@: lethally poisoned (0 -> -6)
A: hooves 1, molten scales 1, shaggy fur 1, teleportitis 1
a: no special abilities


You were on level 5 of the Dungeon.
You visited 1 branch of the dungeon, and saw 5 of its levels.

You collected 198 gold pieces.

Inventory:

Hand Weapons
 a - a +0 dagger (weapon)
 f - a +0 falchion
Armour
 b - a +0 robe (worn)
 c - a +0 hat (worn)
 h - a +0 pair of boots (worn)
 k - a scarf of resistance (worn)
 l - a +0 pair of gloves
Scrolls
 e - 2 scrolls of poison
 m - 2 scrolls of enchant weapon
 o - a scroll of enchant armour
 p - a scroll of magic mapping
Potions
 d - a potion of magic
 g - a potion of flight
 j - a potion of curing


   Skills:
 - Level 3.1(3.2) Short Blades
 + Level 1.0(2.2) Long Blades
 - Level 1.7 Dodging
 - Level 1.7 Stealth
 - Level 3.0 Spellcasting
 + Level 3.9 Conjurations
 - Level 1.0 Summonings
 - Level 0.8 Translocations


You had 7 spell levels left.
You knew the following spells:

 Your Spells              Type           Power      Damage    Failure   Level
a - Magic Dart            Conj           64%        1d6       3%          1
b - Blink                 Tloc           10%        N/A       19%         2

Your spell library contained the following spells:

 Spells                   Type           Power      Damage    Failure   Level
 Slow                     Hex            8%         N/A       17%         1
 Call Imp                 Summ           5%         N/A       17%         2
 Conjure Flame            Conj/Fire      9%         6-21      24%         3
 Mephitic Cloud           Conj/Pois/Air  7%         N/A       30%         3


Dungeon Overview and Level Annotations

Branches:
Dungeon (5/15)
 Temple: D:4-7

Altars:

Shops:
D:3 :

Annotations:
D:4 exclusion: ice beast


Innate Abilities, Weirdness & Mutations

You have large cloven feet.
You are partially covered in molten scales. (AC +2)
You are covered in fur. (AC +1)
You are occasionally teleported next to monsters.


Message History

There is a stone staircase leading up here.
You start resting.
Magic restored.
You start resting.
You feel strangely unstable.
You are yanked towards some nearby monsters!
Your surroundings suddenly seem different. 2 killer bees, a hound and an iguana come into view.
Found a stone staircase leading down.
The killer bee buzzes angrily.
The killer bee stings you!
You aren't carrying any items that you can evoke.
Okay, then.
Really read the scroll of poison?
The air fills with toxic fumes!
As you read the scroll of poison, it crumbles to dust.
The killer bee stings you.
You are poisoned.
The killer bee poisons you!
The killer bee is engulfed in poison gas.
The killer bee is poisoned.
The killer bee stings you.
You feel better. The killer bee stings you.
The killer bee is engulfed in poison gas.
The killer bee looks even sicker.
The killer bee stings you.
* * * LOW HITPOINT WARNING * * *
You are lethally poisoned!
The killer bee poisons you!
The iguana is engulfed in poison gas.
The iguana is poisoned.
The killer bee is engulfed in poison gas.
The killer bee looks even sicker.
The killer bee stings you but does no damage.
The killer bee stings you.
* * * LOW HITPOINT WARNING * * *
* * * LOW HITPOINT WARNING * * *
You feel sick.
You kill the killer bee!
The killer bee completely misses you.
The hound is engulfed in poison gas.
The hound is poisoned.
The iguana is engulfed in poison gas.
The iguana looks even sicker.
The killer bee barely misses you.
Your base Long Blades skill increases to level 1!
You die...

##
##§#####§#
#§§@§§§§§#
#§§y§#§§§##
##.§§# §§#
#h§§§# ##
..§§§§#
§§§§§§§#
§§§§§#§§§
###l§#§##


You could see an iguana (wandering, very poisoned), a hound (poisoned) and a
killer bee.

Vanquished Creatures
  A killer bee (D:5)
  A hound (D:4)
  6 adders
  2 dart slugs
  5 orcs
  5 bats
  9 endoplasms
  A giant cockroach (D:3)
  5 goblins
  5 hobgoblins
  5 quokkas
  6 ball pythons
  2 frilled lizards
  15 kobolds
  2 rats (D:1)
70 creatures vanquished.

Vanquished Creatures (others)
  8 fungi (D:2)
  8 plants (D:2)
  6 toadstools (D:2)
22 creatures vanquished.

Grand Total: 92 creatures vanquished

Notes
Turn   | Place    | Note
-------+----------+-------------------------------------------
     0 | D:1      | frimble the Demonspawn Hedge Wizard began the quest for the
                  | Orb.
     0 | D:1      | Reached XP level 1. HP: 13/13 MP: 4/4
   227 | D:1      | Reached skill level 1 in Short Blades
   227 | D:1      | Gained mutation: You are partially covered in molten
                  | scales. (AC +2) [demonic ancestry]
   227 | D:1      | Reached XP level 2. HP: 16/19 MP: 1/6
   990 | D:2      | Reached XP level 3. HP: 19/24 MP: 5/7
  1484 | D:2      | Reached XP level 4. HP: 26/30 MP: 3/8
  1768 | D:3      | You fall into a shaft and drop 1 floor!
  1788 | D:3      | Learned a level 2 spell: Blink
  1819 | D:3      | Found Wanowaos's Vocational Training.
  2947 | D:4      | Noticed an ice beast
  3300 | D:4      | Gained mutation: You have large cloven feet. [demonic
                  | ancestry]
  3300 | D:4      | Reached XP level 5. HP: 14/35 MP: 1/9
  3304 | D:4      | Gained mutation: You are occasionally teleported next to
                  | monsters. [potion of mutation]
  3304 | D:4      | Gained mutation: You are covered in fur. (AC +1) [potion of
                  | mutation]
  3409 | D:5      | Entered Level 5 of the Dungeon
  3459 | D:5      | Reached skill level 1 in Long Blades
  3459 | D:5      | Succumbed to a killer bee's poison

Illustrated notes

Levels and vault maps discovered:
D:1:      mrwooster_arrival_statue_3, layout_rooms
D:2:      cheibrodos_fertilizer, layout_basic, minmay_lizard_king
D:3:      layout_basic, nicolae_shop_vocational
D:4:      layout_loops_cross, serial_shops, nicolae_shop_statue_plus,
          uniq_duvessa
D:5:      layout_loops_ring, grunt_decor_fettered, minmay_fractal_squares_5

Skill      XL: |  1  2  3  4  5 |
---------------+----------------+-----
Short Blades   | 1 2 3 |  3.1
Conjurations   | 2 3 |  3.9
Long Blades    | 1 |  1.0
Dodging        | |  1.7
Stealth        | |  1.7
Spellcasting   | |  3.0
Summonings     | |  1.0
Translocations | |  0.8

Action                   |  1- 3 |  4- 6 || total
-------------------------+-------+-------++-------
Melee: Dagger            |    70 |   119 ||   189
       Punch             |       |     1 ||     1
 Cast: Magic Dart        |    60 |    43 ||   103
  Use: Scroll            |     1 |     7 ||     8
       Potion            |       |     5 ||     5
 Stab: Sleeping          |       |     6 ||     6
Armor: Robe              |    22 |    22 ||    44
       Skin              |       |    28 ||    28
Dodge: Dodged            |    52 |    77 ||   129

Table legend: (Time is in decaauts)
 A = Elapsed time spent in this place.
 B = Non-inter-level travel time spent in this place.
 C = Inter-level travel time spent in this place.
 D = Time resting spent in this place.
 E = Time spent auto-exploring this place.
 F = Levels seen in this place.
 G = Mean time per level.
                   A        B        C        D        E       F      G
               +--------+--------+--------+--------+--------+-----+--------+
         Total |   3436 |   3381 |     55 |    145 |   2610 |   5 |  687.2 |
       Dungeon |   3436 |   3381 |     55 |    145 |   2610 |   5 |  687.2 |
               +--------+--------+--------+--------+--------+-----+--------+

Top non-repeatable levels by time:
     D:3: 1216 daAuts
     D:1: 946 daAuts
     D:2: 727 daAuts
     D:4: 496 daAuts
     D:5: 49 daAuts
